 Dungeon Crawl Stone Soup version 0.29-a0-993-g4a18f31a58 (webtiles) character file.

Game seed: 1527768476825604216

16 Newt the Shooter (level 2, 0/15 HPs)
             Began as a Spriggan Hunter on Aug 2, 2022.
             Slain by a quokka (4 damage)
             ... on level 1 of the Dungeon.
             The game lasted 00:00:58 (292 turns).

Newt the Shooter (Spriggan Hunter)                   Turns: 292, Time: 00:00:58

Health: 0/15       AC:  2    Str:  7    XL:     2   Next: 41%
Magic:  3/3        EV: 17    Int: 10    God:
Gold:   23         SH:  0    Dex: 18    Spells: 1/1 levels left

rFire   . . .      SeeInvis +   a - +0 shortbow
rCold   . . .      Faith    .   (shield currently unavailable)
rNeg    . . .      Spirit   .   c - +0 robe
rPois   .          Reflect  .   (helmet restricted)
rElec   .          Harm     .   (no cloak)
rCorr   .          Rampage  .   (gloves unavailable)
Will    .....                   (boots unavailable)
Stlth   ++........              (no amulet)
HPRegen 0.05/turn               (no ring)
MPRegen 0.08/turn               (no ring)

@: very quick
A: very small, no large weapons, unfitting armour, see invisible, speed 3
a: no special abilities


You were on level 1 of the Dungeon.
You visited 1 branch of the dungeon, and saw 1 of its levels.

You collected 23 gold pieces.

Inventory:

Hand Weapons
 a - a +0 shortbow (weapon)
Armour
 c - a +0 robe (worn)
Scrolls
 b - a scroll of immolation
Potions
 d - a potion of magic {unknown}


   Skills:
 + Level 1.6 Fighting
 + Level 4.6 Ranged Weapons
 + Level 2.7 Dodging
 + Level 1.5 Stealth


You had one spell level left.
You didn't know any spells.
Your spell library was empty.

Dungeon Overview and Level Annotations

Branches:
Dungeon (1/15)

Altars:


Innate Abilities, Weirdness & Mutations

You are very small and have problems with some larger weapons.
You are too small for most types of armour.
You have supernaturally acute eyesight. (SInv)
You cover ground extremely quickly. (Speed+++)


Message History

Fire: a) +0 shortbow
Press: ? - help, Shift-Dir - straight line, f/p - bat
Aim: a bat (50% to hit)
You shoot an arrow. The arrow closely misses the bat.
The bat closely misses you.
Fire: a) +0 shortbow
Press: ? - help, Shift-Dir - straight line, f/p - bat
Aim: a bat (50% to hit)
You shoot an arrow. The arrow hits the bat.
You kill the bat!
A ball python comes into view.
You are too injured to fight recklessly!
A ball python is nearby!
Found a scroll labelled RILEOT PONUO.
You see here a dart slug corpse.
You are too injured to fight recklessly!
You see here a +0 mace.
You are too injured to fight recklessly!
You are too injured to fight recklessly!
Found a fizzy inky potion.
You shoot an arrow. The ball python hisses angrily.
The arrow hits the ball python!
You kill the ball python!
A quokka comes into view.
You shoot an arrow.
The arrow hits the quokka but does no damage.
You shoot an arrow. The arrow hits the quokka.
The quokka is almost dead.
You shoot an arrow.
The arrow hits the quokka but does no damage.
The quokka is almost dead.
The quokka misses you.
You shoot an arrow. The arrow closely misses the quokka.
The quokka bites you.
* * * LOW HITPOINT WARNING * * *
Fire: a) +0 shortbow
Press: ? - help, Shift-Dir - straight line, f/p - quokka
Aim: a quokka (almost dead, 53% to hit)
You shoot an arrow. The arrow barely misses the quokka.
The quokka bites you.
You die...

...# #...#.#.#.# .###
####.#.#.#.#.#. ...# #
#.)............ ##.# #.
#.##†#.#.#.#.#
##.####.##.#..)........
##.........)#.#.#.#.#.#
##..#####..#...........
##..##.....##>#.#.#.#.#.
....##.##[......@r....†.
###.[.....###.#.#.#.#.#.
#.......##........?.
#.##.#..###.#.#.#.#.#
#.#..#..##.....#####.
#.#.##..##. ... #.).
...## .... #... ## .!.
###.


You could see a quokka.

Vanquished Creatures
  2 dart slugs (D:1)
  3 bats (D:1)
  An endoplasm (D:1)
  A goblin (D:1)
  A quokka (D:1)
  3 ball pythons (D:1)
  A frilled lizard (D:1)
  A rat (D:1)
13 creatures vanquished.

Notes
Turn   | Place    | Note
-------+----------+-------------------------------------------
     0 | D:1      | Newt the Spriggan Hunter began the quest for the Orb.
     0 | D:1      | Reached XP level 1. HP: 10/10 MP: 2/2
   190 | D:1      | Reached XP level 2. HP: 14/14 MP: 3/3
   292 | D:1      | Slain by a quokka

Illustrated notes

Levels and vault maps discovered:
D:1:      grunt_arrival_crossed_arrows, layout_loops_cross,
          hangedman_decor_lopped, chequers_serial_rivers_micro_a, st_stairs_11,
          roderic_serpentine_path

Action                   || total
-------------------------++-------
 Fire: Shortbow          ||    38
Armor: Robe              ||     3
Dodge: Dodged            ||    21

Table legend: (Time is in decaauts)
 A = Elapsed time spent in this place.
 B = Non-inter-level travel time spent in this place.
 C = Inter-level travel time spent in this place.
 D = Time resting spent in this place.
 E = Time spent auto-exploring this place.
 F = Levels seen in this place.
 G = Mean time per level.
                   A        B        C        D        E       F      G
               +--------+--------+--------+--------+--------+-----+--------+
         Total |    233 |    233 |      0 |      0 |    167 |   1 |  233.0 |
       Dungeon |    233 |    233 |      0 |      0 |    167 |   1 |  233.0 |
               +--------+--------+--------+--------+--------+-----+--------+

Top non-repeatable levels by time:
     D:1: 233 daAuts
